Map: Ruins of Endion

Players

FunK - Winner!

  • Race: Protoss Protoss
  • League: Grandmaster

Miszu

  • Race: Terran Terran
  • League: Master

VOD

Have the link to the VOD?

Description

Time

  • Played on: April 11, 2016, 2:17 p.m.
  • Length: 13:55
Show
View Real Time Build Order
Export as new Build Order

FunK Protoss - Winner!

Build Orders: 1 Gate Expand, Oracle Opening, Phoenix Opening 

Get SALT Encoding   

  12  0:02  Probe (Chrono Boost)  
  13  0:13  Probe (Chrono Boost)  
  14  0:19  Pylon  
  14  0:23  Probe (Chrono Boost)  
  15  0:37  Gateway, Probe (Chrono Boost)  
  16  0:44  Assimilator  
  16  0:48  Probe (Chrono Boost)  
  17  0:58  Probe (Chrono Boost)  
  18  1:09  Probe (Chrono Boost)  
  19  1:18  Nexus  
  19  1:28  Cybernetics Core  
  19  1:31  Probe (Chrono Boost)  
  20  1:36  Assimilator  
  20  1:42  Probe (Chrono Boost)  
  20  1:45  Pylon  
  21  1:53  Probe (Chrono Boost)  
  22  2:03  Probe (Chrono Boost)  
  22  2:04  Adept (Chrono Boost)  
  22  2:05  Warp Gate  
  25  2:15  Probe  
  26  2:26  Stargate  
  26  2:28  Adept (Chrono Boost), Probe  
  26  2:29  Probe  
  30  2:40  Probe x2 (Chrono Boost)  
  32  2:52  Adept, Probe x2 (Chrono Boost)  
  36  3:02  Probe x2 (Chrono Boost)  
  36  3:04  Assimilator  
  38  3:09  Oracle (Chrono Boost)  
  38  3:11  Probe  
  41  3:13  Probe  
  41  3:16  Pylon  
  43  3:22  Probe  
  43  3:25  Probe  
  45  3:31  Mothership Core  
  47  3:37  Probe  
  47  3:38  Pylon  
  47  3:41  Phoenix (Chrono Boost)  
  50  3:49  Probe  
  50  3:51  Probe  
  52  4:07  Phoenix (Chrono Boost)  
  52  4:08  Stalker  
  56  4:16  Probe  
  52  4:32  Phoenix (Chrono Boost), Probe  
  52  4:34  Probe  
  56  4:42  Twilight Council  
  56  4:43  Probe  
  56  4:44  Forge  
  57  4:47  Probe  
  57  4:49  Assimilator  
  57  4:52  Gateway x2  
  58  4:56  Nexus, Probe  
  58  4:59  Probe  
  60  5:07  Probe  
  60  5:10  Pylon  
  61  5:18  Pylon  
  61  5:20  Probe  
  62  5:21  Robotics Facility  
  62  5:26  Probe  
  62  5:28  Phoenix (Chrono Boost)  
  65  5:29  Sentry, Pylon  
  65  5:35  Probe  
  68  5:37  Probe  
  69  5:47  Pylon, Probe  
  69  5:49  Sentry x2, Probe  
  76  5:50  Phoenix (Chrono Boost)  
  76  5:55  Protoss Ground Weapons Level 1  
  77  6:03  Probe x2  
  79  6:08  Resonating Glaives (Chrono Boost)  
  79  6:10  Phoenix  
  79  6:18  Probe  
  82  6:24  Probe  
  82  6:25  Observer (Chrono Boost), Probe  
  84  6:27  Pylon  
  84  6:29  Zealot x3  
  84  6:30  Probe  
  84  6:31  Phoenix  
  89  6:48  Immortal (Chrono Boost)  
  89  6:52  Probe  
  89  6:53  Phoenix, Probe x2  
  98  7:01  Gateway  
  98  7:02  Gateway, Probe  
  98  7:05  Probe x2  
  98  7:07  Gateway  
  98  7:08  Adept x3, Pylon  
  107  7:15  Phoenix  
  107  7:18  Immortal  
  109  7:28  Pylon  
  113  7:31  Gateway x2  
  113  7:35  Adept  
  113  7:36  Adept x2  
  119  7:38  Phoenix  
  119  7:42  Pylon  
  121  7:53  Immortal  
  121  7:55  Pylon  
  125  8:05  Adept x3, Phoenix  
  133  8:22  Adept x3  
  133  8:25  Pylon  
  133  8:26  Adept x2  
  133  8:27  Adept, Pylon  
  145  8:29  Immortal  
  145  8:38  Gateway  
  145  8:39  Robotics Bay  
  145  8:40  Protoss Ground Armor Level 1  
  149  8:55  Probe x3  
  152  8:56  Assimilator  
  152  9:00  Assimilator  
  152  9:05  Adept x7  
  152  9:07  Pylon  
  154  9:29  Adept  
  154  9:30  Adept x7  
  108  10:01  Stalker x6  
  108  10:02  Stalker x3  
  108  10:04  Probe x2  
  108  10:05  Probe  
  129  10:07  Colossus  
  129  10:20  Forge  
  135  10:21  Probe  
  135  10:25  Extended Thermal Lance  
  136  10:30  Probe  
  137  10:45  Pylon  
  137  10:46  Protoss Ground Armor Level 2 (Chrono Boost)  
  137  10:47  Nexus  
  137  10:51  Pylon  
  137  10:53  Colossus  
  137  10:54  Adept  
  137  10:55  Adept x4  
  147  10:57  Adept x2  
  147  11:01  Adept x2  
  161  11:09  Probe x3  
  161  11:10  Pylon  
  164  11:21  Robotics Facility  
  164  11:27  Protoss Ground Weapons Level 2 (Chrono Boost)  
  164  11:32  Stalker x4  
  172  11:39  Stalker x2  
  176  11:45  Observer  
  176  11:49  Assimilator  
  176  11:52  Photon Cannon  
  176  11:53  Assimilator  
  177  11:54  Photon Cannon  
  177  12:01  Colossus  
  177  12:09  Colossus  
  177  12:13  Stalker x2  
  193  12:20  Stalker x2  
  197  12:41  Stalker  
  191  12:53  Observer  
  191  12:58  Stalker x3  
  196  12:59  Stalker  
  200  13:22  Nexus  
  200  13:24  Pylon  
  198  13:39  Gateway x2  
  196  13:42  Gateway  
  196  13:44  Gateway  
Show
View Real Time Build Order
Export as new Build Order

Miszu Terran 

Build Orders: 1/1/1, Liberator Opening, MMM Bio 

Get SALT Encoding   

  12  0:00  SCV  
  13  0:13  SCV  
  14  0:17  Supply Depot  
  14  0:25  SCV  
  15  0:39  SCV  
  15  0:40  Barracks  
  16  0:44  Refinery  
  16  0:51  SCV  
  16  0:54  Refinery  
  17  1:03  SCV  
  18  1:15  SCV  
  19  1:28  Marine  
  19  1:29  Orbital Command  
  20  1:34  Factory  
  20  1:46  Marine  
  21  1:49  Supply Depot  
  21  1:54  SCV  
  22  2:05  Marine  
  23  2:11  SCV  
  24  2:18  Hellion  
  24  2:20  Starport  
  26  2:23  Marine, SCV  
  26  2:29  Supply Depot  
  28  2:35  SCV  
  29  2:40  Marine  
  30  2:47  SCV  
  30  2:51  Supply Depot, Hellion  
  33  2:58  Marine  
  33  2:59  Medivac, SCV  
  37  3:11  SCV  
  38  3:13  Hellion  
  38  3:15  Supply Depot  
  38  3:16  Liberator  
  38  3:18  Barracks Reactor  
  40  3:23  SCV  
  44  3:37  Factory Tech Lab  
  44  3:39  SCV  
  43  4:00  Cyclone  
  43  4:02  Command Center  
  46  4:03  SCV  
  46  4:09  Marine  
  45  4:10  Marine  
  45  4:15  SCV  
  48  4:27  SCV  
  48  4:30  Marine  
  48  4:31  Marine  
  49  4:37  Barracks  
  47  4:38  Barracks  
  47  4:39  SCV  
  48  4:48  Marine x2  
  48  4:51  SCV  
  51  4:56  Siege Tank  
  54  5:03  SCV  
  55  5:15  SCV  
  55  5:21  Orbital Command  
  56  5:25  Barracks Tech Lab  
  56  5:26  Barracks Tech Lab  
  56  5:28  SCV  
  57  5:33  Supply Depot  
  57  5:34  Engineering Bay, Refinery  
  57  5:37  Marine x2  
  57  5:38  Siege Tank  
  57  5:40  Starport Reactor, SCV  
  63  5:44  Stimpack  
  63  5:45  Combat Shields  
  63  5:48  SCV  
  64  5:52  SCV  
  65  6:00  SCV, Missile Turret  
  65  6:03  Missile Turret  
  66  6:04  SCV  
  66  6:06  Terran Infantry Weapons Level 1  
  67  6:12  SCV  
  67  6:16  SCV  
  68  6:23  Marine  
  68  6:24  SCV  
  68  6:25  Marine x2  
  70  6:26  Marine  
  70  6:28  SCV  
  70  6:29  Siege Tank  
  77  6:34  Supply Depot  
  77  6:36  SCV  
  74  6:40  SCV  
  75  6:48  SCV  
  75  6:51  Marine  
  75  6:52  SCV  
  78  6:56  Marine x3  
  78  7:00  SCV  
  82  7:03  Barracks x2  
  82  7:04  Supply Depot, SCV  
  82  7:05  Supply Depot  
  82  7:06  Medivac  
  85  7:09  Marine  
  85  7:13  Refinery  
  86  7:25  Marine  
  86  7:26  Marine x2, Medivac, SCV x2  
  86  7:29  Marine  
  93  7:34  Supply Depot  
  93  7:35  Supply Depot  
  94  7:38  Medivac, SCV x2, Liberator  
  94  7:41  Siege Tank  
  94  7:43  Marine  
  102  7:52  Barracks Reactor x2  
  102  7:55  Marine x2  
  102  7:57  Missile Turret  
  107  8:01  Marine x2  
  107  8:09  Supply Depot  
  107  8:11  Supply Depot  
  107  8:13  Marine x2, Liberator  
  107  8:19  Marine x2  
  111  8:30  Command Center  
  111  8:31  Marine x6  
  120  8:37  Marine x2, Liberator  
  122  8:45  Engineering Bay  
  122  8:46  Armory  
  122  8:49  Supply Depot, Marine x6  
  122  8:54  Marine  
  122  8:55  Marine  
  133  9:06  Marine  
  134  9:10  Marine x3  
  134  9:15  Marine  
  134  9:16  Marine x3  
  141  9:23  Medivac  
  142  9:24  Marine  
  142  9:28  Marine x3  
  117  9:33  Marine x2  
  117  9:34  Marine x2  
  113  9:42  Marine  
  105  9:45  Marine  
  105  9:46  Marine x2  
  105  9:50  Marine  
  105  9:51  Marine  
  105  9:52  Marine x2  
  92  9:57  Medivac  
  88  10:00  Marine  
  88  10:03  Marine x2  
  91  10:08  Marine  
  91  10:09  Marine  
  91  10:10  Marine x2  
  91  10:12  Terran Infantry Armor Level 1  
  91  10:13  Terran Infantry Weapons Level 2  
  92  10:16  Liberator  
  92  10:18  Missile Turret  
  92  10:20  Orbital Command  
  92  10:22  Marine x4, Refinery x2  
  99  10:36  Marine x3  
  102  10:44  Marine x2  
  102  10:45  Marine x3  
  107  10:50  Supply Depot  
  107  10:54  Marine x3, Medivac  
  112  10:58  Ghost Academy  
  112  11:02  Marine  
  113  11:07  Supply Depot  
  113  11:08  Marine x4  
  113  11:09  Factory Reactor  
  117  11:11  Marine  
  117  11:12  Marine  
  117  11:16  Barracks x3  
  119  11:24  Liberator x2  
  119  11:26  SCV x2  
  121  11:35  Orbital Command  
  121  11:38  SCV x2  
  123  11:42  Ghost  
  123  11:45  Missile Turret  
  123  11:46  Marine x6  
  137  11:50  Refinery, SCV x2  
  137  11:51  Refinery  
  139  11:54  Ghost  
  140  12:02  SCV x2  
  140  12:05  SCV  
  140  12:06  Barracks Tech Lab x2  
  140  12:07  Barracks Tech Lab  
  143  12:14  SCV  
  143  12:15  SCV  
  145  12:16  Marauder  
  145  12:17  SCV  
  145  12:19  Starport, Missile Turret  
  148  12:24  Marauder  
  148  12:26  SCV  
  148  12:27  SCV  
  148  12:29  SCV  
  153  12:30  Marauder x2  
  153  12:35  Ghost  
  159  12:39  SCV x2  
  159  12:41  SCV  
  162  12:51  Marauder  
  133  12:54  Marine x7, Marauder x2  
  143  13:11  Marine x2  
  143  13:12  Marine x3  
  148  13:13  Marauder  
  148  13:15  Marauder  
  148  13:17  Viking x3, Hellion  
  160  13:23  Marine x2  
  161  13:29  Marine  
  161  13:30  Marauder  
  149  13:52  Barracks Tech Lab  
Tags
 
Add a new tag
Caveats
  • Supply blocks, unpowered buildings, or Contaminate may cause inaccurate times.
  • Supply counts are checked every 10 seconds.